[Event "Titled Tuesday Blitz June 1 2021"]
[White "Petesch, Gabriel"]
[Black "Dahanayake, Isara Banidu"]
[WhiteFideId "2032465"]
[BlackFideId "9932631"]
[WhiteElo "2374"]
[BlackElo "1394"]
[Result "1-0"]
[Round "11"]
[TimeControl "180+1"]
[Date "2021.06.01"]
[WhiteClock "0:00:16"]
[BlackClock "0:00:22"]

1. e4 g6 2. Nf3 Bg7 3. Nc3 d6 4. Bc4 Nd7 5. Bxf7+ Kf8 6. Bb3 Ngf6 7. d4 e5 8. O-O Qe7 9. Bg5 h6 10. Nd5 Qd8 11. Bh4 g5 12. Bg3 Nxe4 13. dxe5 dxe5 14. Qe2 Nef6 15. Rad1 Nxd5 16. Rxd5 Qe7 17. Re1 c6 18. Nxe5 Nxe5 19. Bxe5 Bg4 20. Qxg4 cxd5 21. Bxg7+ Qxg7 22. Bxd5 Qf6 23. Qb4+ Kg7 24. Qxb7+ Kg6 25. Re6 Qxe6 26. Bxe6 Rhe8 27. Qf7# 1-0


[Site "https://www.chess.com"]

[Event "Titled Tuesday Blitz June 1 2021"]
[White "Piesik, Piotr"]
[Black "Muthaiah AL"]
[WhiteFideId "1136194"]
[BlackFideId "5092442"]
[WhiteElo "2369"]
[BlackElo "2184"]
[Result "1-0"]
[Round "11"]
[TimeControl "180+1"]
[Date "2021.06.01"]
[WhiteClock "0:00:04"]
[BlackClock "0:00:02"]

1. Nf3 Nf6 2. g3 d5 3. Bg2 Nc6 4. O-O e5 5. d3 h6 6. Nbd2 Be6 7. e4 dxe4 8. dxe4 Bc5 9. c3 Qd3 10. Ne1 Qd7 11. Qe2 O-O-O 12. b4 Bb6 13. Nc4 Qd1 14. Nxb6+ axb6 15. Qb5 Na7 16. Qxe5 Nc6 17. Qf4 Bc4 18. Nf3 Bxf1 19. Bxf1 Rhe8 20. e5 Nd5 21. Qxf7 Rf8 22. Qe6+ Kb8 23. Nh4 Ne3 24. Bxe3 Qxa1 25. Kg2 Rde8 26. Qb3 Nxe5 27. Bd4 g5 28. Bxe5 gxh4 29. Qd5 h3+ 30. Kg1 Re7 31. f4 Kc8 32. Kf2 Qb2+ 33. Kg1 Qc1 34. Kf2 Qc2+ 35. Kg1 Qc1 36. Kf2 Kb8 37. Bxh3 Qc2+ 38. Kg1 Qc1+ 39. Bf1 Rfe8 40. Kg2 Qe3 41. Bb5 Rxe5 42. fxe5 Qxe5 43. Qxe5 Rxe5 44. Bd3 Re3 45. Bc4 Rxc3 46. Bb3 c5 47. bxc5 bxc5 48. Bf7 c4 49. g4 Rc2+ 50. Kg3 b5 51. h4 Rxa2 52. g5 hxg5 53. hxg5 Ra7 54. g6 Ra6 55. g7 Kc7 56. g8=Q Rc6 57. Bd5 Rc5 58. Qf7+ Kb6 59. Qe6+ Ka5 60. Kf4 Kb4 61. Ke3 c3 62. Bb3 Ka3 63. Kd3 1-0


[Site "https://www.chess.com"]

[Event "Titled Tuesday Blitz June 1 2021"]
[White "Potapova, Margarita"]
[Black "Jia, Haoxiang"]
[WhiteFideId "14126869"]
[BlackFideId "8602999"]
[WhiteElo "2229"]
[BlackElo "2633"]
[Result "1/2-1/2"]
[Round "11"]
[TimeControl "180+1"]
[Date "2021.06.01"]
[WhiteClock "0:00:10"]
[BlackClock "0:00:21"]

1. d4 d5 2. c4 c6 3. Nf3 Nf6 4. g3 dxc4 5. Bg2 e6 6. O-O b5 7. Ne5 Bb7 8. a4 a6 9. b3 cxb3 10. Qxb3 Bd6 11. axb5 axb5 12. Rxa8 Bxa8 13. Qa2 Bb7 14. Qa7 Qc8 15. Nc3 Nd5 16. Ne4 Be7 17. Ba3 b4 18. Bb2 O-O 19. Nc4 Ba6 20. Rc1 Rd8 21. Nc5 Bb5 22. Ne5 Qc7 23. Qxc7 Nxc7 24. Nb7 Rc8 25. Na5 Nd5 26. e4 Nc3 27. Bf1 f6 28. Nd3 Nxe4 29. Nf4 Bxf1 30. Kxf1 Kf7 31. Re1 Nd2+ 32. Kg2 Bd8 33. Nb7 Bb6 34. Nd6+ Kg8 35. Nxc8 Bc7 36. Nxe6 Ba5 37. Nc5 Kf7 38. Nd6+ Kg6 39. Ndb7 Bb6 40. Nd6 Bxc5 41. dxc5 Nd7 42. Ne4 Nb3 43. Rd1 Ndxc5 44. Nxc5 Nxc5 45. Rd4 b3 46. Rc4 Nd3 47. Bc3 b2 48. Bxb2 Nxb2 49. Rxc6 Nd3 50. Ra6 Nc5 51. Ra8 Nd7 52. h4 Ne5 53. Ra1 Nc4 54. Ra8 Ne5 55. Kh3 Nd3 56. Kg2 Ne5 1/2-1/2


[Site "https://www.chess.com"]

[Event "Titled Tuesday Blitz June 1 2021"]
[White "Przybylski, Wojciech"]
[Black "Dzhaparov, Medet"]
[WhiteFideId "1117599"]
[BlackFideId "13803689"]
[WhiteElo "2317"]
[BlackElo "1702"]
[Result "1-0"]
[Round "11"]
[TimeControl "180+1"]
[Date "2021.06.01"]
[WhiteClock "0:00:24"]
[BlackClock "0:00:01"]

1. d4 Nf6 2. Nf3 g6 3. c4 Bg7 4. Nc3 d5 5. cxd5 Nxd5 6. e4 Nxc3 7. bxc3 c5 8. Be3 Qa5 9. Qd2 cxd4 10. cxd4 Qxd2+ 11. Kxd2 O-O 12. Rc1 Rd8 13. Bb5 a6 14. Ba4 b5 15. Bb3 Bb7 16. d5 e6 17. Rc7 exd5 18. Rxb7 dxe4+ 19. Kc2 exf3 20. Rxf7 Kh8 21. Rxf3 Nc6 22. Rd1 Nb4+ 23. Kb1 Rxd1+ 24. Bxd1 Nd5 25. Bd2 Rc8 26. Rd3 Nc3+ 27. Bxc3 Bxc3 28. Bg4 Rc6 29. Rd7 a5 30. Be2 b4 31. h4 Rf6 32. f3 Rf4 33. h5 Rd4 34. Ra7 gxh5 35. Rxa5 Rd2 36. Ra8+ Kg7 37. Bc4 Rxg2 38. Rg8+ Kf6 39. Rxg2 h4 40. Bf1 Be5 41. Rg4 Bg3 42. Kc2 h5 43. Rxb4 1-0


[Site "https://www.chess.com"]

[Event "Titled Tuesday Blitz June 1 2021"]
[White "Samsonkin, Artiom"]
[Black "Lysyj, Igor"]
[WhiteFideId "13503111"]
[BlackFideId "4150120"]
[WhiteElo "2513"]
[BlackElo "2660"]
[Result "0-1"]
[Round "11"]
[TimeControl "180+1"]
[Date "2021.06.01"]
[WhiteClock "0:00:01"]
[BlackClock "0:00:27"]

1. e4 e5 2. Nf3 Nc6 3. d4 exd4 4. Bc4 Bc5 5. Ng5 Nh6 6. Nxf7 Nxf7 7. Bxf7+ Kxf7 8. Qh5+ g6 9. Qxc5 d5 10. O-O dxe4 11. c3 Qd6 12. Qxd6 cxd6 13. cxd4 Be6 14. Nc3 Bc4 15. Re1 d5 16. b3 Bd3 17. Nxd5 Rhd8 18. Ne3 Nxd4 19. Bb2 Ne2+ 20. Kh1 Rac8 21. Rad1 Ba6 22. h3 h5 23. Kh2 Rd3 24. Rb1 Rd2 25. Red1 Rcd8 26. Rxd2 Rxd2 27. Nf1 Rc2 28. Ne3 Rd2 29. Nf1 Rd7 30. Re1 Bd3 31. Ne3 b5 32. h4 Ke6 33. f3 Rf7 34. fxe4 Rf4 35. g3 Rf2+ 36. Kh3 Rf3 37. Nd5 Rxg3+ 38. Kh2 Rf3 39. Kg2 Bxe4 40. Rxe2 Kxd5 41. Kh2 Rf4 42. Rd2+ Ke6 43. Kg3 Rg4+ 44. Kh3 Bf5 45. Kh2 Rxh4+ 46. Kg3 Rg4+ 47. Kf3 h4 48. Re2+ Kd7 49. Bf6 h3 50. Re7+ Kc6 51. Rh7 Rg2 52. Rxa7 Rc2 53. Be5 Kd5 54. Bg3 h2 55. Bxh2 Rxh2 56. a4 bxa4 57. bxa4 Ra2 58. a5 Kc5 59. Kf4 Kb5 60. Rc7 Rxa5 61. Kg5 Ra4 0-1


[Site "https://www.chess.com"]

[Event "Titled Tuesday Blitz June 1 2021"]
[White "Samunenkov, Ihor"]
[Black "Iniyan, P"]
[WhiteFideId "14187086"]
[BlackFideId "25002767"]
[WhiteElo "2242"]
[BlackElo "2400"]
[Result "1-0"]
[Round "11"]
[TimeControl "180+1"]
[Date "2021.06.01"]
[WhiteClock "0:00:08"]
[BlackClock "0:01:56"]

1. d4 Nf6 2. g3 g6 3. Bg2 Bg7 4. e4 d6 5. Nc3 Nbd7 6. Nge2 e5 7. O-O O-O 8. h3 a6 9. a4 Re8 10. Be3 exd4 11. Bxd4 Nc5 12. e5 Nfd7 13. exd6 cxd6 14. Bxg7 Kxg7 15. Qxd6 Qf6 16. Qxf6+ Nxf6 17. Nd4 Ne6 18. Nxe6+ Bxe6 19. Rad1 Rab8 20. g4 b5 21. axb5 axb5 22. Rd4 b4 23. Ne4 Nxe4 24. Bxe4 h5 25. f3 hxg4 26. hxg4 f5 27. gxf5 gxf5 28. Bd3 Red8 29. Rxd8 Rxd8 30. Kf2 b3 31. Ke3 bxc2 32. Bxc2 Rb8 33. b3 Bxb3 34. Bxb3 Rxb3+ 35. Kf4 Kf6 36. Ra1 Rb4+ 37. Kg3 Kg5 38. Ra2 Rb3 39. Re2 f4+ 40. Kf2 Kf5 41. Rd2 Rb4 42. Rd8 Rb6 43. Rf8+ Rf6 44. Ra8 Rd6 45. Rf8+ Ke5 46. Re8+ Re6 47. Ra8 Rc6 48. Re8+ Kd5 49. Re4 Rc4 50. Re8 Kd4 51. Re4+ Kd3 52. Re8 Rc2+ 53. Kf1 Rc4 54. Kf2 Rb4 55. Rd8+ Rd4 56. Re8 Kd2 57. Re2+ Kc1 58. Re4 Rd2+ 59. Ke1 Rd1+ 60. Ke2 Rd2+ 61. Kf1 Rd1+ 62. Kg2 Kd2 63. Rxf4 Ra1 64. Re4 Kd3 65. Re8 Ra7 66. f4 Kd4 67. Kf3 Kd5 68. f5 Kd6 69. Kf4 Re7 70. Rd8+ Rd7 71. Rxd7+ Kxd7 72. Kg5 Ke7 73. Kg6 Kf8 74. Kf6 Kg8 75. Ke7 Kg7 76. f6+ Kg6 77. f7 1-0


[Site "https://www.chess.com"]

[Event "Titled Tuesday Blitz June 1 2021"]
[White "Sarana, Alexey"]
[Black "Lazavik, Denis"]
[WhiteFideId "24133795"]
[BlackFideId "13515110"]
[WhiteElo "2629"]
[BlackElo "2436"]
[Result "0-1"]
[Round "11"]
[TimeControl "180+1"]
[Date "2021.06.01"]
[WhiteClock "0:00:06"]
[BlackClock "0:00:10"]

1. e4 e5 2. Nf3 Nc6 3. Bc4 Bc5 4. c3 Nf6 5. d3 d6 6. O-O a6 7. Re1 h6 8. Nbd2 O-O 9. Nf1 Ba7 10. Bb3 Be6 11. Bc2 Re8 12. h3 d5 13. exd5 Bxd5 14. Ng3 Qd7 15. Nh4 Rad8 16. Nhf5 Bc5 17. b4 Bf8 18. a4 Nb8 19. Ne3 Be6 20. Qf3 c5 21. b5 Qc7 22. Ng4 Nxg4 23. hxg4 Bd5 24. Qe2 g6 25. Ne4 Bg7 26. g5 Bxe4 27. dxe4 h5 28. Be3 c4 29. Red1 Bf8 30. Rab1 Rxd1+ 31. Rxd1 axb5 32. axb5 Nd7 33. Qd2 Nb6 34. Kf1 Bc5 35. Ke2 Bxe3 36. Qxe3 Rd8 37. Rxd8+ Qxd8 38. Qc5 Nd7 39. Qd6 Qe8 40. b6 Qe6 41. Qc7 Nxb6 42. Qxb7 Nd7 43. Qc7 Nf8 44. f3 Qa6 45. Qxe5 Ne6 46. Kd2 Qc8 47. f4 Qd8+ 48. Kc1 Qb6 49. f5 Nxg5 50. fxg6 Qxg6 51. Qe8+ Kg7 52. e5 Qb6 53. Qd7 Qe3+ 54. Kb2 Qxe5 55. Qc6 Qe6 56. Qc5 Ne4 57. Qd4+ Nf6 58. Qf4 Qb6+ 59. Ka2 Qe6 60. Qg5+ Kf8 61. Kb2 Ke7 62. Qc5+ Qd6 63. Qe3+ Kf8 64. Qg5 Qb6+ 65. Kc1 Qe6 66. Bf5 Qe5 67. Kb2 Nd5 68. Qh6+ Ke7 69. Qg5+ Qf6 70. Qxf6+ Kxf6 71. Bd7 Ke5 72. Bc6 Ne3 73. Ka3 Kd6 74. Bf3 h4 75. Kb4 f5 76. Kb5 Ke5 77. Kc5 Kf4 78. Kd4 h3 79. Bc6 hxg2 80. Bxg2 Nxg2 81. Kxc4 Ke3 82. Kd5 f4 83. c4 f3 84. c5 f2 85. c6 f1=Q 86. c7 Qf5+ 87. Kc6 Qc8 0-1


[Site "https://www.chess.com"]

[Event "Titled Tuesday Blitz June 1 2021"]
[White "Sargsyan, Anna M."]
[Black "Mikhalsky, Vladimir"]
[WhiteFideId "13308130"]
[BlackFideId "14144352"]
[WhiteElo "2263"]
[BlackElo "2280"]
[Result "1-0"]
[Round "11"]
[TimeControl "180+1"]
[Date "2021.06.01"]
[WhiteClock "0:00:48"]
[BlackClock "0:00:34"]

1. d4 g6 2. c4 Bg7 3. g3 Nf6 4. Bg2 O-O 5. Nc3 d6 6. Nf3 Nbd7 7. O-O e5 8. h3 c6 9. e4 Qb6 10. c5 dxc5 11. dxe5 Ne8 12. e6 fxe6 13. Ng5 Ne5 14. f4 Nf7 15. Nxf7 Rxf7 16. e5 Nc7 17. Ne4 Nd5 18. Kh2 Bf8 19. h4 c4 20. Qe2 Qa6 21. h5 b5 22. Bh3 Qb7 23. Ng5 Qe7 24. a4 Rb8 25. axb5 cxb5 26. hxg6 hxg6 27. Nxf7 Qxf7 28. Be3 a6 29. Bd4 Nb4 30. b3 cxb3 31. Rab1 Bb7 32. Rxb3 Bd5 33. Rb2 Nc6 34. Be3 Bc4 35. Qf3 Bxf1 36. Bxf1 Nb4 37. Kg1 Qb7 38. Qg4 Kf7 39. Rh2 Bg7 40. Bg2 Qc7 41. Be4 Rg8 42. Qxg6+ Kf8 43. Qxe6 Bxe5 44. Qxe5 Qxe5 45. fxe5 Rxg3+ 46. Kf2 Rg7 47. Bc5+ Ke8 48. Bxb4 1-0


[Site "https://www.chess.com"]

[Event "Titled Tuesday Blitz June 1 2021"]
[White "Sawlin, Leonid"]
[Black "Gelman, Alexander"]
[WhiteFideId "4689542"]
[BlackFideId "4118316"]
[WhiteElo "2412"]
[BlackElo "2375"]
[Result "0-1"]
[Round "11"]
[TimeControl "180+1"]
[Date "2021.06.01"]
[WhiteClock "0:01:07"]
[BlackClock "0:00:17"]

1. e4 c5 2. Nf3 e6 3. g3 Nc6 4. Bg2 Nf6 5. Nc3 d6 6. O-O Be7 7. Re1 O-O 8. d4 cxd4 9. Nxd4 Bd7 10. Be3 a6 11. Qe2 Rc8 12. Rad1 Qc7 13. f4 b5 14. a3 Na5 15. g4 Nc4 16. Bc1 Nxa3 17. g5 Ne8 18. f5 b4 19. bxa3 bxc3 20. Qxa6 Qd8 21. fxe6 fxe6 22. Bh3 Nc7 23. Qc4 Bxg5 24. Nxe6 Nxe6 25. Bxe6+ Kh8 26. Qd5 Bxc1 27. Rxc1 Rc5 28. Qxd6 Rg5+ 29. Kh1 Qf6 30. Qd3 Bxe6 31. Rf1 Qe7 32. Qxc3 h6 33. Rg1 Bg4 0-1


[Site "https://www.chess.com"]

[Event "Titled Tuesday Blitz June 1 2021"]
[White "Schmidt, Harald"]
[Black "Toniutti, Ezio"]
[WhiteFideId "4648358"]
[BlackFideId "113034"]
[WhiteElo "2368"]
[BlackElo "2215"]
[Result "0-1"]
[Round "11"]
[TimeControl "180+1"]
[Date "2021.06.01"]
[WhiteClock "0:01:27"]
[BlackClock "0:00:49"]

1. e4 e5 2. Bc4 Nf6 3. d3 Nc6 4. Bg5 Be7 5. a3 O-O 6. Nc3 Nxe4 7. Bxe7 Nxc3 8. Bxd8 Nxd1 9. Bxc7 Nxb2 10. Bb3 Nd4 11. Kd2 d6 12. Kc3 Nb5+ 13. Kxb2 Nxc7 14. Ne2 Be6 15. Nc3 Rac8 16. Ne4 Rfd8 17. Rhd1 d5 18. Nc5 b6 19. Nxe6 Nxe6 20. Re1 f6 21. c4 Nf4 22. Rad1 Nxg2 23. Re4 dxe4 0-1


[Site "https://www.chess.com"]

[Event "Titled Tuesday Blitz June 1 2021"]
[White "Seul, Georg"]
[Black "Pacheco Lugo, Alejandro Jose"]
[WhiteFideId "4601653"]
[BlackFideId "3903745"]
[WhiteElo "2332"]
[BlackElo "2125"]
[Result "1-0"]
[Round "11"]
[TimeControl "180+1"]
[Date "2021.06.01"]
[WhiteClock "0:02:09"]
[BlackClock "0:01:15"]

1. e4 c5 2. Nf3 d6 3. Bc4 Nf6 4. d3 g6 5. O-O Bg7 6. h3 O-O 7. Nc3 Nc6 8. a3 Rb8 9. Be3 a6 10. Qd2 b5 11. Ba2 b4 12. axb4 cxb4 13. Nd5 e6 14. Nxf6+ Bxf6 15. d4 d5 16. e5 Bg7 17. Bg5 Qb6 18. Rad1 a5 19. Bf6 Ba6 20. Rfe1 a4 21. h4 h6 22. h5 Rbc8 23. Qf4 Qc7 24. Qg4 Bxf6 25. exf6 Kh7 26. hxg6+ fxg6 27. Rxe6 Rf7 28. Bxd5 Nd8 1-0


[Site "https://www.chess.com"]

[Event "Titled Tuesday Blitz June 1 2021"]
[White "Shahade, Gregory"]
[Black "Titus, Andrew"]
[WhiteFideId "2009064"]
[BlackFideId "2059770"]
[WhiteElo "2701"]
[BlackElo "2044"]
[Result "0-1"]
[Round "11"]
[TimeControl "180+1"]
[Date "2021.06.01"]
[WhiteClock "0:00:02"]
[BlackClock "0:00:59"]

1. e4 c5 2. Nf3 d6 3. d4 cxd4 4. Nxd4 Nf6 5. Nc3 a6 6. Be3 e6 7. f3 Nbd7 8. Qd2 b5 9. g4 h6 10. O-O-O b4 11. Nce2 Qc7 12. h4 d5 13. g5 hxg5 14. exd5 Nxd5 15. Bxg5 Ne5 16. Nf4 Bb7 17. Re1 Bd6 18. Nfxe6 fxe6 19. Nxe6 Qf7 20. Bh3 Nxf3 21. Nd8+ Kf8 22. Nxf7 Nxd2 23. Nxh8 Nf3 24. Rhf1 Nf6 25. Re3 Kg8 26. Ng6 Nxg5 27. hxg5 Nd5 28. Be6+ Kh7 29. Bxd5 Bxd5 30. Rd3 Kxg6 31. Rxd5 Be7 32. Re1 Bxg5+ 33. Kb1 Bf6 34. Rg1+ Kf7 35. Rg4 a5 36. Rd1 Rb8 37. Rc4 Rb5 38. b3 Ke6 39. Re4+ Kf7 40. Rf4 Ke6 41. Rdf1 Rd5 42. Re4+ Kf7 43. Ref4 Ke6 44. Re1+ Kf7 45. Rc4 Rf5 46. Rc7+ Kg6 47. Rg1+ Kh7 48. Rc4 Kg8 49. Rcg4 Kf7 50. a3 bxa3 51. Ka2 Bb2 52. Rc4 Rf2 53. Rg5 Rf1 54. b4 a4 55. Rc7+ Kf6 0-1


[Site "https://www.chess.com"]

[Event "Titled Tuesday Blitz June 1 2021"]
[White "Shyaamnikhil P"]
[Black "Supi, Luis Paulo"]
[WhiteFideId "5024218"]
[BlackFideId "2106388"]
[WhiteElo "2300"]
[BlackElo "2369"]
[Result "0-1"]
[Round "11"]
[TimeControl "180+1"]
[Date "2021.06.01"]
[WhiteClock "0:00:01"]
[BlackClock "0:00:06"]

1. e3 d5 2. c4 e6 3. Nf3 Nf6 4. b3 c5 5. Bb2 Nc6 6. cxd5 exd5 7. Bb5 Bd6 8. O-O O-O 9. d4 cxd4 10. Nxd4 Bc7 11. h3 Ne4 12. Nf3 Qd6 13. Bxc6 bxc6 14. Be5 Qe7 15. Bxc7 Qxc7 16. Nbd2 Ba6 17. Re1 Bd3 18. Nf1 Bxf1 19. Rxf1 Rfd8 20. Rc1 c5 21. Nd2 Nf6 22. Qc2 Rdc8 23. Rfd1 a5 24. Nb1 a4 25. Nc3 axb3 26. axb3 Qb7 27. Qf5 Rd8 28. Na4 c4 29. Nc3 cxb3 30. Rb1 h6 31. Qd3 Rab8 32. Rb2 Qc6 33. Ne2 Qc4 34. Nd4 Ne4 35. Rxb3 Rxb3 36. Qxb3 Rc8 37. Qb2 g6 38. Ra1 Qd3 39. Rc1 Ra8 40. Qb7 Qa3 41. Rc8+ Rxc8 42. Qxc8+ Kg7 43. Qc2 Qa1+ 44. Kh2 Qa7 45. g3 Qe7 46. Kg2 Qf6 47. h4 h5 48. Qe2 Nd6 49. Qf3 Qe5 50. Nc6 Qe6 51. Nd4 Qe5 52. Nc6 Qe4 53. Nd4 Nc4 54. Qxe4 dxe4 55. Ne2 Kf6 56. Nf4 Kf5 57. Kf1 Ne5 58. Ke2 Ng4 59. Nd5 Ke5 60. Nf4 Nf6 61. f3 Kf5 62. Kf2 Ke5 63. Ke2 Kd6 64. Kf2 exf3 65. Kxf3 Ke5 66. Ne2 Kf5 67. Nd4+ Ke5 68. Nc6+ Kd5 69. Nd4 Ne4 70. Ne2 Nd2+ 71. Kf2 Ke4 72. Nc3+ Kd3 73. Nd5 Ke4 74. Nf6+ Kf5 75. Nd7 Ke6 76. Nc5+ Ke5 77. Nd3+ Kf5 78. Nc5 Kg4 79. Kg2 Kf5 80. Nb7 Ke6 81. Kf2 Kd5 82. Nd8 f6 0-1


[Site "https://www.chess.com"]

[Event "Titled Tuesday Blitz June 1 2021"]
[White "Sieciechowicz, Marcin"]
[Black "Gokerkan, Cem Kaan"]
[WhiteFideId "1130170"]
[BlackFideId "6336760"]
[WhiteElo "2288"]
[BlackElo "2361"]
[Result "0-1"]
[Round "11"]
[TimeControl "180+1"]
[Date "2021.06.01"]
[WhiteClock "0:00:10"]
[BlackClock "0:00:39"]

1. d4 c5 2. d5 e5 3. e4 d6 4. f4 Be7 5. fxe5 dxe5 6. Nf3 Bd6 7. Nbd2 Ne7 8. Nc4 Ng6 9. a4 O-O 10. Bd3 Na6 11. c3 Nc7 12. O-O Ne8 13. Be3 b6 14. Qd2 Bb8 15. b4 cxb4 16. cxb4 Bg4 17. a5 b5 18. Na3 a6 19. Rac1 Nd6 20. Rc2 h6 21. Nb1 f5 22. exf5 e4 23. fxg6 exd3 24. Rc6 Nc4 25. Qxd3 Bxf3 26. Rxf3 Rxf3 27. gxf3 Nxe3 28. Nc3 Qg5+ 29. Kf2 Ba7 30. Ne4 Qg2+ 31. Ke1 Qg1+ 32. Kd2 Qd1+ 33. Kc3 Nxd5+ 0-1


[Site "https://www.chess.com"]

[Event "Titled Tuesday Blitz June 1 2021"]
[White "Sirosh, Ilja"]
[Black "Molina, Roberto Junio Brito"]
[WhiteFideId "4500458"]
[BlackFideId "2109450"]
[WhiteElo "2241"]
[BlackElo "2402"]
[Result "0-1"]
[Round "11"]
[TimeControl "180+1"]
[Date "2021.06.01"]
[WhiteClock "0:00:04"]
[BlackClock "0:01:08"]

1. e4 c6 2. d4 d5 3. exd5 cxd5 4. c4 Nf6 5. Nc3 e6 6. Nf3 Be7 7. cxd5 Nxd5 8. Bc4 O-O 9. O-O Nc6 10. Qe2 Nf6 11. Rd1 Nb4 12. a3 Nbd5 13. Ne5 a6 14. Ba2 Nxc3 15. bxc3 Bd7 16. c4 Rc8 17. Be3 Ba4 18. Rd2 Nd7 19. Nd3 Nf6 20. Qf3 Bc6 21. Qh3 Be4 22. Ne5 h6 23. Rc1 Bxa3 24. Rf1 Be7 25. Bb1 Bxb1 26. Rxb1 b5 27. d5 exd5 28. cxd5 Bd6 29. Nc6 Qd7 30. Qxd7 Nxd7 31. Ra2 Ra8 32. Rba1 Nb8 33. Nxb8 Rfxb8 34. Rxa6 Rxa6 35. Rxa6 Be5 36. f4 Bf6 37. Ra3 Rd8 38. Kf2 Rxd5 39. Ra8+ Kh7 40. Rb8 Bc3 41. Kf3 f5 42. h3 h5 43. g4 hxg4+ 44. hxg4 g6 45. gxf5 gxf5 46. Ke2 b4 47. Rb7+ Kg8 48. Kf3 Kf8 49. Ke2 Ke8 50. Rb6 Kd7 51. Rb7+ Kc6 52. Rb6+ Kc7 53. Kf3 Rd3 54. Rb5 Bd2 55. Rxf5 Rxe3+ 56. Kf2 Re7 57. Rb5 Kc6 58. Rb8 Bc3 59. f5 Kc5 60. Kf3 Kc4 61. Kf4 Kb3 62. Kg5 Kc2 63. f6 Rc7 64. Kg6 Rc6 65. Kg7 Bxf6+ 66. Kg8 Bc3 67. Kf7 b3 68. Rh8 0-1


[Site "https://www.chess.com"]

[Event "Titled Tuesday Blitz June 1 2021"]
[White "Soto Vega, Jorge"]
[Black "Peralta, Eduardo"]
[WhiteFideId "3800580"]
[BlackFideId "3700062"]
[WhiteElo "2259"]
[BlackElo "2205"]
[Result "1-0"]
[Round "11"]
[TimeControl "180+1"]
[Date "2021.06.01"]
[WhiteClock "0:00:11"]
[BlackClock "0:00:01"]

1. e4 e6 2. Qe2 c5 3. Nf3 Nc6 4. g3 g6 5. Bg2 Bg7 6. O-O d6 7. c3 Nge7 8. Rd1 e5 9. Na3 O-O 10. Nc2 Bg4 11. h3 Bxf3 12. Bxf3 Qd7 13. Bg2 Rad8 14. d3 f5 15. Rb1 Qe6 16. b4 b6 17. b5 Na5 18. Ne3 f4 19. Nd5 Nxd5 20. exd5 Qf5 21. g4 Qf6 22. Qe4 Nb7 23. Bd2 h5 24. gxh5 f3 25. Bf1 gxh5 26. c4 Kh8 27. Kh1 Bh6 28. Bc3 Qf4 29. Qxf4 Bxf4 30. Re1 Rf7 31. Re4 Rg8 32. h4 Kh7 33. Bh3 Nd8 34. a4 Bh6 35. a5 Rb7 36. axb6 axb6 37. Ra1 Bg7 38. Ra8 Bf6 39. Bf5+ Kh8 40. Bh3 Kg7 41. Ra1 Kh8 42. Re3 Bxh4 43. Rxf3 Rf7 44. Rxf7 Nxf7 45. Be6 Rf8 46. f4 Bf6 47. Ra6 1-0


[Site "https://www.chess.com"]

[Event "Titled Tuesday Blitz June 1 2021"]
[White "Sychev, Klementy"]
[Black "Hess, Robert"]
[WhiteFideId "4114060"]
[BlackFideId "2022036"]
[WhiteElo "2615"]
[BlackElo "2557"]
[Result "0-1"]
[Round "11"]
[TimeControl "180+1"]
[Date "2021.06.01"]
[WhiteClock "0:00:01"]
[BlackClock "0:00:03"]

1. e4 d6 2. f4 Nf6 3. Nc3 g6 4. Nf3 Bg7 5. e5 dxe5 6. fxe5 Nd5 7. Bc4 Be6 8. Qe2 O-O 9. d4 c5 10. Nxd5 Bxd5 11. Bxd5 Qxd5 12. c4 Qd7 13. d5 e6 14. d6 f6 15. Bf4 fxe5 16. Bxe5 Bxe5 17. Qxe5 Rf5 18. Qg3 Nc6 19. O-O-O Raf8 20. h4 Rf4 21. h5 Rxc4+ 22. Kb1 Qf7 23. a3 Qf5+ 24. Ka1 Rg4 25. Qe1 Nd4 26. Qc3 Qd5 27. hxg6 hxg6 28. Nd2 Rxg2 29. Qh3 Kf7 30. Qh7+ Kf6 31. Rdf1+ Ke5 32. Qg7+ Kxd6 33. Qxf8+ Kc6 34. Qe8+ Kb6 35. Rd1 Rxd2 36. Rxd2 Nb3+ 0-1


[Site "https://www.chess.com"]

[Event "Titled Tuesday Blitz June 1 2021"]
[White "Szente Varga, Fruzsina"]
[Black "Sadovsky, Artem"]
[WhiteFideId "712264"]
[BlackFideId "4155840"]
[WhiteElo "2106"]
[BlackElo "2476"]
[Result "1-0"]
[Round "11"]
[TimeControl "180+1"]
[Date "2021.06.01"]
[WhiteClock "0:00:20"]
[BlackClock "0:00:18"]

1. e4 g6 2. d4 Bg7 3. Nc3 c6 4. Be3 d5 5. e5 h5 6. Qd2 Nh6 7. f3 Nf5 8. Bf2 b5 9. O-O-O a5 10. Kb1 a4 11. g4 hxg4 12. fxg4 Nh6 13. g5 Nf5 14. h4 Bf8 15. Nce2 Ng7 16. Ng3 Bg4 17. Be2 Bxe2 18. N1xe2 e6 19. Nf4 Be7 20. Rdg1 Nd7 21. Qd3 Nf8 22. Nf1 Kd7 23. Ne3 Nf5 24. Ng4 Kc7 25. Nf6 Kb7 26. h5 gxh5 27. N4xh5 Ng6 28. Ng3 Nxg3 29. Qxg3 Bxf6 30. gxf6 Qc7 31. Qc3 Rag8 32. a3 Qb6 33. Qb4 Ka6 34. Be1 Nxe5 35. Rxg8 Rxh1 36. dxe5 Qe3 37. Qa5+ Kb7 38. Qa8+ Kc7 39. Qb8+ Kd7 40. Qc8# 1-0


[Site "https://www.chess.com"]

[Event "Titled Tuesday Blitz June 1 2021"]
[White "TanitoluwaAps116"]
[Black "Tregubov, Pavel V."]
[BlackFideId "4115341"]
[WhiteElo "2429"]
[BlackElo "2423"]
[Result "0-1"]
[Round "11"]
[TimeControl "180+1"]
[Date "2021.06.01"]
[WhiteClock "0:00:47"]
[BlackClock "0:01:21"]

1. e4 e6 2. d4 d5 3. e5 c5 4. c3 Nc6 5. Nf3 Qb6 6. Bd3 Bd7 7. Bc2 cxd4 8. cxd4 Nb4 9. Nc3 Nxc2+ 10. Qxc2 Ne7 11. O-O Nf5 12. Be3 Be7 13. g4 Nxe3 14. fxe3 O-O 15. h4 Rac8 16. g5 Qa6 17. a3 Bb5 18. Rf2 Bd3 19. Qd2 Be4 20. Raf1 Qd3 21. Ne1 Qxd2 22. Rxd2 Bg6 23. Ng2 f6 24. exf6 gxf6 25. Nf4 fxg5 26. Nxg6 hxg6 27. Rg2 Rxf1+ 28. Kxf1 Rf8+ 29. Ke2 gxh4 30. Rxg6+ Kf7 31. Rh6 Rg8 32. Kf3 Bg5 33. Rh7+ Rg7 34. Rh8 Kg6 35. Ne2 Rf7+ 36. Kg4 Bxe3 37. Rxh4 Rf2 38. Ng3 Rf4+ 0-1


[Site "https://www.chess.com"]

[Event "Titled Tuesday Blitz June 1 2021"]
[White "Ter-Sahakyan, Samvel"]
[Black "Maksimovic, Bojan"]
[WhiteFideId "13302531"]
[BlackFideId "14408120"]
[WhiteElo "2551"]
[BlackElo "2437"]
[Result "0-1"]
[Round "11"]
[TimeControl "180+1"]
[Date "2021.06.01"]
[WhiteClock "0:00:04"]
[BlackClock "0:00:03"]

1. e4 c5 2. Nf3 Nc6 3. Bb5 g6 4. O-O Bg7 5. Re1 Nf6 6. c3 O-O 7. h3 Qb6 8. a4 Rd8 9. d4 cxd4 10. cxd4 d5 11. e5 Ne4 12. Nc3 Bf5 13. g4 Be6 14. Be3 Rac8 15. Qb1 Nxc3 16. bxc3 Na5 17. Bd2 Nc4 18. Bxc4 Qxb1 19. Rexb1 dxc4 20. Be3 Bd5 21. Nd2 f6 22. exf6 exf6 23. Nf1 Be4 24. Rb2 Bf8 25. Bf4 g5 26. Bg3 Rd7 27. Ne3 Kf7 28. a5 Rc6 29. Ra4 Bd3 30. Bb8 Ra6 31. Raa2 b6 32. axb6 Rxa2 33. Rxa2 axb6 34. Rb2 Rb7 35. Bg3 Ke6 36. d5+ Kd7 37. Rb5 Bd6 38. Kh2 Bc5 39. h4 h6 40. Nf5 Bxf5 41. gxf5 Ra7 42. Rb2 Ra3 43. Rc2 b5 44. Kg2 Bd6 45. hxg5 hxg5 46. Rb2 Bxg3 47. fxg3 Rb3 48. Rc2 Kd6 49. Kh3 Kxd5 50. Kg4 Ke4 51. Rc1 Ra3 52. Re1+ Kd3 53. Kh5 Kxc3 54. Kg6 b4 55. Kxf6 b3 56. Kxg5 b2 57. f6 Ra1 58. Re3+ Kd4 59. f7 Rf1 60. Re1 Rxf7 61. Kh6 c3 62. g4 c2 63. g5 c1=Q 0-1


[Site "https://www.chess.com"]